 Dungeon Crawl Stone Soup version 0.13-a0-2450-ga447c6a (webtiles) character file.

469 Rycklaryybbe the Covert (level 5, -13/38 HPs)
             Began as a Vampire Assassin on July 17, 2013.
             Was an Initiate of Kikubaaqudgha.
             Mangled by an ogre
             ... wielding a +0,+0 giant club
              (23 damage)
             ... on Level 6 of the Dungeon.
             The game lasted 00:16:24 (4517 turns).

Rycklaryybbe the Covert (Vampire Assassin)          Turns: 4517, Time: 00:16:24

HP -13/38        AC  4     Str 10      XL: 5   Next: 83%
MP   5/5         EV 12     Int 14      God: Kikubaaqudgha [......]
Gold 224         SH  0     Dex 15      Spells:  0 memorised,  4 levels left

Res.Fire  : . . .   See Invis. : +   r - +1 long sword (curse)
Res.Cold  : . . .   Warding    : .   u - +0 elf robe
Life Prot.: + . .   Conserve   : .   (no shield)
Res.Poison: .       Res.Corr.  : .   (no helmet)
Res.Elec. : .       Clarity    : .   d - +0 cloak
Sust.Abil.: . .     Spirit.Shd : .   (no gloves)
Res.Mut.  : .       Stasis     : .   z - +0 pair of elf boots
Res.Rott. : .       Flight     : .   (no amulet)
Saprovore : . . .                    (no ring)
                                     (no ring)

@: slightly resistant to hostile enchantments, extremely stealthy
A: fangs 3, see invisible, unbreathing
a: Bat Form, Renounce Religion


You were on level 6 of the Dungeon.
You worshipped Kikubaaqudgha.
Kikubaaqudgha was noncommittal.
You were not thirsty.

You visited 2 branches of the dungeon, and saw 7 of its levels.

You collected 210 gold pieces.
You spent 36 gold pieces at shops.

Inventory:

Hand weapons
 a - a +2,+2 dagger {=f}
 b - a +0 blowgun
 r - a cursed +1,+1 long sword (weapon)
Missiles
 e - 18 poisoned needles
 f - 2 curare-tipped needles
 p - 5 poisoned darts (quivered)
Armour
 c - a +0 robe
 d - a +0 cloak (worn)
 u - a +0 elven robe (worn)
 z - a +0 pair of elven boots (worn)
Scrolls
 i - 6 scrolls of remove curse
 k - 2 scrolls of enchant armour {unknown}
 l - 3 scrolls of identify
 m - 3 scrolls of curse armour
 q - a scroll of amnesia {unknown}
 s - 2 scrolls of magic mapping
 t - 4 scrolls of curse weapon
 A - a scroll of recharging {unknown}
 C - a scroll of curse jewellery {unknown}
Jewellery
 o - an uncursed amulet of stasis {unknown}
 D - a +3 ring of dexterity {unknown}
Potions
 g - 2 potions of agility
 h - a potion of curing
 v - a potion of restore abilities {unknown}
 x - a potion of resistance {unknown}
 B - a potion of heal wounds
Books
 y - a book of Unlife

   Spells                             Type                      Level
   Recall                             Summoning/Translocation      3
   Animate Dead                       Necromancy                   4
   Control Undead                     Necromancy                   4
   Twisted Resurrection               Necromancy                   5
   Death Channel                      Necromancy                   6
   Simulacrum                         Ice/Necromancy               6


   Skills:
 - Level 1.7 Fighting
 - Level 2.1 Short Blades
 + Level 0.0 Long Blades
 - Level 1.5 Throwing
 - Level 2.0 Dodging
 - Level 10.5 Stealth


You had 4 spell levels left.
You didn't know any spells.

Dungeon Overview and Level Annotations

Branches:
Dungeon (6/27)             Temple (1/1) D:5
    Orc: D:6-11

Altars:
Ashenzari
Cheibriados
Fedhas
Kikubaaqudgha
Makhleb
Nemelex Xobeh
Okawaru
Sif Muna
Trog
Vehumet
Xom
Yredelemnul
the Shining One

Shops:
D:4: !

Annotations
D:2 Pikel
D:4 Prince Ribbit


Innate Abilities, Weirdness & Mutations

You have razor-sharp teeth.*
You have supernaturally acute eyesight.
You can survive without breathing.*


Message History

The ogre hits you with a giant club!
Ouch! That really hurt!
* * * LOW HITPOINT WARNING * * *
You are too injured to fight recklessly!
Drink which item? (? for menu, Esc to quit)
You feel much better. The ogre barely misses you.
You hit the ogre.
The ogre is severely wounded.
The ogre hits you with a giant club!
* * * LOW HITPOINT WARNING * * *
Throwing (i - inventory. (,) - cycle):
p - 6 poisoned darts (quivered)
Press: ? - help, Shift-Dir - straight line, f - ogre
Aim: an ogre, wielding a giant club (severely wounded)
You throw a poisoned dart. The poisoned dart hits the ogre.
The ogre is poisoned.
The ogre is severely wounded.
The ogre hits you with a giant club!
Ouch! That really hurt!
You die...
Kikubaaqudgha rasps: "You have failed me!
Welcome... oblivion!"

#### ..#
##.####
.#####.....#
#.....#$....#
#(.>....######
###.....#..O@+
#....(..####
#.....###
#...<.#
##.#### #.#
#.# #.# #..


You could see an ogre.

Vanquished Creatures
  A slave (D:4)
  2 orc wizards (D:4)
  7 adders
  2 giant mites
  2 worms (D:2)
  14 orcs
  4 ball pythons
  3 giant cockroaches
  12 goblins
  8 hobgoblins
  4 jackals (D:1)
  6 kobolds
  A quokka (D:2)
  10 bats
  A giant cockroach zombie (D:5)
  3 giant geckos
  4 giant newts
  A hobgoblin skeleton (D:3)
  8 rats
93 creatures vanquished.

Vanquished Creatures (others)
  An orc priest (D:5)
  An orc wizard (D:4)
  2 orcs (D:4)
  A jackal (D:4)
5 creatures vanquished.

Grand Total: 98 creatures vanquished

Notes
Turn   | Place    | Note
--------------------------------------------------------------
     0 | D:1      | Rycklaryybbe, the Vampire Assassin, began the quest for the Orb.
     0 | D:1      | Reached XP level 1. HP: 15/15 MP: 1/1
    40 | D:1      | Reached skill level 6 in Stealth
   453 | D:1      | Reached XP level 2. HP: 21/21 MP: 2/2
   546 | D:1      | Reached skill level 7 in Stealth
   673 | D:1      | Reached XP level 3. HP: 19/26 MP: 3/3
   931 | D:2      | Found a basalt altar of Yredelemnul.
   939 | D:2      | Reached skill level 8 in Stealth
  1062 | D:2      | Reached XP level 4. HP: 32/32 MP: 4/4
  1574 | D:3      | Reached skill level 9 in Stealth
  2065 | D:3      | Reached XP level 5. HP: 30/38 MP: 5/5
  2271 | D:4      | Noticed Pikel
  2271 | D:4      | Noticed a slave
  2275 | D:4      | Noticed a slave
  2357 | D:3      | HP: 1/38 [Pikel/whip of flaming (3)]
  2596 | D:4      | Reached skill level 10 in Stealth
  3149 | D:4      | Found Arphouw's Distillery.
  3157 | D:4      | Bought a potion of heal wounds for 36 gold pieces
  3178 | D:4      | Noticed a slave
  3193 | D:4      | Killed a slave
  3194 | D:4      | Noticed Prince Ribbit
  3447 | D:4      | HP: 1/38 [Prince Ribbit (13)]
  3450 | D:5      | Entered Level 5 of the Dungeon
  4252 | D:5      | Found a staircase to the Ecumenical Temple.
  4387 | Temple   | Entered the Ecumenical Temple
  4395 | Temple   | Became a worshipper of Kikubaaqudgha
  4497 | D:6      | Noticed an ogre
  4517 | D:6      | Mangled by an ogre

Action                   |  1- 3 |  4- 6 || total
-------------------------+-------+-------++-------
Melee: Dagger            |    90 |   104 ||   194
       Long sword        |       |    74 ||    74
 Fire: Blowgun           |       |    13 ||    13
Throw: Dart              |       |     5 ||     5
  Use: Scroll            |       |     9 ||     9
       Potion            |       |     8 ||     8
 Stab: Sleeping          |    16 |    21 ||    37
       Distracted        |       |     1 ||     1
